 Dungeon Crawl Stone Soup version 0.17.1-3-g152610e (webtiles) character file.

232 Alarkh the Chopper (level 5, -3/38 HPs)
             Began as a Mummy Skald on Apr 16, 2016.
             Was an Initiate of Gozag.
             Killed from afar by an orc wizard (4 damage)
             ... with a magic dart
             ... on level 4 of the Dungeon.
             The game lasted 00:05:48 (3903 turns).

Alarkh the Chopper (Mummy Skald)                    Turns: 3903, Time: 00:05:48

Health: -3/38      AC:  4    Str: 15    XL:     5   Next: 73%
Magic:  6/8        EV: 11    Int: 12    God:    Gozag
Gold:   186        SH:  0    Dex: 12    Spells: 3 memorised, 3 levels left

rFire  x . .     SeeInvis .     a - +0 hand axe
rCold  + . .     Clarity  .     b - +0 leather armour
rNeg   + + +     SustAt   .     (no shield)
rPois  ∞         Gourm    .     (no helmet)
rElec  .         Spirit   .     h - +0 cloak
rCorr  .         Warding  .     (no gloves)
rMut   .         Stasis   .     (no boots)
MR     .....                    (no amulet)
Stlth  +.........               (no ring)
                                j - ring of wizardry (curse)

@: not resistant to hostile enchantments, very unstealthy
A: no food or potions, fire vulnerability, cold resistance 1, negative energy
resistance 3, torment resistance, unbreathing
a: Potion Petition, Call Merchant, Bribe Branch, Renounce Religion


You were on level 4 of the Dungeon.
You worshipped Gozag.
Gozag was noncommittal.
You were not hungry.

You visited 1 branch of the dungeon, and saw 4 of its levels.

You collected 223 gold pieces.
You paid 37 gold pieces to Gozag.

Inventory:

Hand Weapons
 a - a +0 hand axe (weapon)
Armour
 b - a +0 leather armour (worn)
 h - a +0 cloak (worn)
Jewellery
 j - a cursed ring of wizardry (left hand)
Wands
 k - a wand of cold (5)
Scrolls
 e - 2 scrolls of remove curse
 f - a scroll of random uselessness
 g - a scroll of immolation
Books
 c - a book of Battle

   Spells                             Type                      Level
   a - Infusion                       Charms                       1
   b - Shroud of Golubria             Charms/Translocation         2
   c - Song of Slaying                Charms                       2
   d - Spectral Weapon                Hexes/Charms                 3
   e - Regeneration                   Charms/Necromancy            3


   Skills:
 - Level 2.0 Fighting
 + Level 5.0 Axes
 - Level 0.7 Armour
 - Level 0.7 Dodging
 - Level 2.0 Spellcasting
 - Level 2.4 Charms


You had 3 spell levels left.
You knew the following spells:

 Your Spells              Type           Power        Failure   Level  Hunger
a - Infusion              Chrm           #.....       6%          1    N/A
b - Song of Slaying       Chrm           #.......     9%          2    N/A
e - Shroud of Golubria    Chrm/Tloc      #.........   14%         2    N/A

Dungeon Overview and Level Annotations

Branches:
Dungeon (4/15)
 Temple: D:4-7

Altars:
Gozag
Kikubaaqudgha
The Shining One


Innate Abilities, Weirdness & Mutations

You do not eat or drink.
Your flesh is vulnerable to fire.
You are immune to poison.
Your flesh is cold resistant.
You are immune to negative energy.
You are immune to unholy pain and torment.
You can survive without breathing.


Message History

The bolt of cold hits something.
Evoking this partially-identified wand wasted a few charges.
The worker ant bites you.
* * * LOW HITPOINT WARNING * * *
Unknown command.
Zapping:
k - a wand of cold {zapped: 3} (will waste charges)
Press: ? - help, Shift-Dir - straight line, f - orc wizard, p - worker ant
Aim: an orc wizard, wielding a dagger and wearing a robe (fast)
The bolt of cold hits the worker ant.
You kill the worker ant!
The bolt of cold hits something.
Reactivating autopickup.
Your Axes skill increases to level 5!
You feel a bit more experienced.
Evoking this partially-identified wand wasted a few charges.
The orc wizard is distracted by the nearby gold.
The orc wizard gestures at you while chanting.
The magic dart hits you!
You die...
Your body crumbles into a pile of gold.

#.#.# #...# #.## #.#.#
#...# #...
##...########### #oo.
#........... ..#####.o.
##.###########.... ..o.
#.#............####o..
#.#......o.....#...ao.
#.###.......o..#a##o.o
##()).@..$$.o#..#..#...
#<.[...#####....#..#...
######## #.#.....#...
#.#######... #.. ....
### ####


You could see 2 orc wizards and an orc.

Vanquished Creatures
  A worker ant (D:4)
  2 orc wizards (D:4)
  6 adders
  An ooze (D:2)
  3 worms
  5 giant geckos
  12 orcs
  2 giant cockroaches
  5 goblins
  7 hobgoblins
  6 jackals
  A quokka (D:2)
  A ball python (D:2)
  6 bats
  5 giant newts
  12 kobolds
  8 rats
83 creatures vanquished.

Notes
Turn   | Place    | Note
--------------------------------------------------------------
     0 | D:1      | Alarkh the Mummy Skald began the quest for the Orb.
     0 | D:1      | Reached XP level 1. HP: 16/16 MP: 3/3
   395 | D:1      | Reached XP level 2. HP: 22/22 MP: 3/5
   881 | D:2      | Reached skill level 3 in Axes
   881 | D:2      | Reached XP level 3. HP: 17/27 MP: 0/6
  1001 | D:2      | Found a glowing golden altar of the Shining One.
  1108 | D:2      | Learned a level 2 spell: Song of Slaying
  1111 | D:2      | Learned a level 2 spell: Shroud of Golubria
  1180 | D:2      | Found an ancient bone altar of Kikubaaqudgha.
  1300 | D:2      | Reached XP level 4. HP: 15/33 MP: 0/7
  2188 | D:3      | Reached skill level 4 in Axes
  2861 | D:3      | Found an opulent altar of Gozag.
  2864 | D:3      | Reached XP level 5. HP: 35/38 MP: 4/8
  2872 | D:3      | Became a worshipper of Gozag Ym Sagoz the Greedy
  3887 | D:4      | HP: 1/38 [orc wizard/puff of flame (9)]
  3900 | D:4      | HP: 1/38 [worker ant (2)]
  3901 | D:4      | Reached skill level 5 in Axes
  3903 | D:4      | Killed from afar by an orc wizard

Action                   |  1- 3 |  4- 6 || total
-------------------------+-------+-------++-------
Melee: Hand axe          |   113 |   193 ||   306
 Cast: Infusion          |    25 |    34 ||    59
       Shroud of Golubri |       |     3 ||     3
Evoke: Wand              |       |     2 ||     2
  Use: Scroll            |     1 |     6 ||     7
